 Dungeon Crawl Stone Soup version 0.18.1-48-g4cf74bf (webtiles) character file.

2469 Neosonic97 the Fighter (level 9, -2/85 HPs)
             Began as a Mottled Draconian Transmuter on Sept 8, 2016.
             Was a Follower of Cheibriados.
             Slain by a kobold
             ... wielding a +0 club
              (4 damage)
             ... while paralysed
             ... on level 7 of the Dungeon.
             The game lasted 00:23:35 (9947 turns).

Neosonic97 the Fighter (DrTm)                       Turns: 9947, Time: 00:23:35

Health: -2/85      AC:  7    Str: 23    XL:     9   Next: 26%
Magic:  14/14      EV:  2    Int: 16    God:    Cheibriados [*.....]
Gold:   337        SH:  0    Dex: 16    Spells: 3 memorised, 6 levels left

rFire  . . .     SeeInvis .       - Unarmed
rCold  . . .     Gourm    .     (armour unavailable)
rNeg   + . .     Faith    .     (no shield)
rPois  .         Spirit   .     (helmet restricted)
rElec  .         Dismiss  .     (no cloak)
rCorr  .         Reflect  .     (no gloves)
SustAt .         Harm     .     (no boots)
MR     .....                    (no amulet)
Stlth  ++........               x - ring of positive energy
                                n - ring of wizardry

@: paralysed, mighty, lethally poisoned (-2 -> -7), exhausted, slowed, very
slow, not resistant to hostile enchantments, unstealthy
A: breathe sticky flame splash, unfitting armour, cold-blooded, AC +7
a: Breathe Sticky Flame, Bend Time, Renounce Religion


You were on level 7 of the Dungeon.
You worshipped Cheibriados.
Cheibriados was aware of your devotion.
You were very hungry.

You visited 2 branches of the dungeon, and saw 8 of its levels.

You collected 337 gold pieces.

Inventory:

Missiles
 a - 104 arrows (quivered)
 w - 13 sling bullets
Jewellery
 l - an uncursed amulet of inaccuracy
 n - a ring of wizardry (left hand)
 x - a ring of positive energy (right hand)
Scrolls
 d - 6 scrolls of remove curse
 e - 3 scrolls of teleportation
 h - 9 scrolls of identify
 i - 3 scrolls of magic mapping
 j - a scroll of random uselessness
 k - 3 scrolls of fear
 m - a scroll of amnesia
 o - a scroll of blinking
 y - a scroll of fog {unknown}
 A - a scroll of enchant weapon {unknown}
 B - a scroll of torment {unknown}
Potions
 r - a potion of might
 u - a potion of magic {unknown}
 z - 2 potions of degeneration {unknown}
 C - 2 potions of brilliance {unknown}
Books
 b - a book of Changes

   Spells                             Type                      Level
   a - Beastly Appendage              Transmutation                1
   b - Sticks to Snakes               Transmutation                2
   c - Spider Form                    Transmutation/Poison         3
   d - Ice Form                       Ice/Transmutation            4
   e - Blade Hands                    Transmutation                5
 v - a book of Enchantments

   Spells                             Type                      Level
   a - Cause Fear                     Hexes                        4
   b - Yara's Violent Unravelling     Hexes/Transmutation          5
   c - Silence                        Hexes/Air                    5
   d - Deflect Missiles               Charms/Air                   6
   e - Haste                          Charms                       6
   f - Discord                        Hexes                        8
Miscellaneous
 q - a plain deck of summoning
Comestibles
 c - a bread ration
 p - 2 meat rations
 s - a beef jerky


   Skills:
 * Level 9.7 Fighting
 - Level 3.0 Dodging
 - Level 0.2 Stealth
 + Level 7.5 Unarmed Combat
 - Level 3.6 Spellcasting
 * Level 3.0 Transmutations
 - Level 2.0 Poison Magic


You had 6 spell levels left.
You knew the following spells:

 Your Spells              Type           Power        Failure   Level  Hunger
a - Beastly Appendage     Trmt           ##....       3%          1    None
b - Spider Form           Trmt/Pois      ##........   9%          3    ###....
c - Blade Hands           Trmt           ##........   78%         5    ######.


Dungeon Overview and Level Annotations

Branches:
Dungeon (7/15)             Temple (1/1) D:6

Altars:
Ashenzari
Cheibriados
Dithmenos
Elyvilon
Gozag
Makhleb
Nemelex Xobeh
Pakellas
Qazlal
Sif Muna
Trog
Xom
Zin
The Shining One

Shops:
D:6 [:


Innate Abilities, Weirdness & Mutations

You can spit globs of burning liquid.
You can ignite nearby creatures when you spit burning liquid.
Your weird mottled scales are hard (AC +7).
Your body does not fit into most forms of armour.
You are cold-blooded and may be slowed by cold attacks.


Message History

You are no longer berserk.
You pass out from exhaustion.
You feel yourself slow down.
You are feeling very hungry.
You feel sick. The kobold hits you with a club.
* * * LOW HITPOINT WARNING * * *
The kobold hits something but does no damage.
The kobold hits you but does no damage.
* * * LOW HITPOINT WARNING * * *
You feel sick. The kobold completely misses you.
The kobold hits something with a dagger.
The kobold completely misses you. The kobold hits you but does no damage.
The kobold hits something but does no damage.
The kobold hits you but does no damage.
* * * LOW HITPOINT WARNING * * *
You feel sick. The kobold hits you.
* * * LOW HITPOINT WARNING * * *
The kobold hits something but does no damage.
The kobold hits you with a club.
You die... ........§§..... .......†§§.†... ......†........ ♣.......%†....
PPP........
KKKK..P♣ #### ♣KKKP♣

#..# ♣♣@K# ####.##
##♣♣(PP# ####.#...##
##PP)†♣## #...###....
#.♣)PP# #.##.#...##
##P(♣.## #.###.#.###
#....####♣ ##.#####....
##(.♣P##..# ##...## #####
#P(P####P♣###.....## #
#..................######


You could see 8 kobolds.

Vanquished Creatures
  Prince Ribbit (D:7)
  Eustachio (D:4)
  A hippogriff (D:5)
  A steam dragon (D:4)
  Menkaure (D:7)
  Edmund (D:4)
  2 sky beasts
  2 ogres (D:4)
  2 phantoms
  A centaur (D:6)
  A big kobold (D:7)
  A giant frog (D:7)
  A howler monkey (D:6)
  A crimson imp (D:5)
  2 giant frog skeletons
  2 hounds
  A jelly (D:6)
  5 orc priests
  A gnoll shaman (D:5)
  2 orc wizards
  Ijyb (D:2)
  5 worker ants
  A hound skeleton (D:4)
  8 gnolls
  2 howler monkey skeletons
  10 adders
  A shadow imp (D:7)
  An ooze (D:3)
  An adder skeleton (D:4)
  2 worms (D:4)
  A dart slug (D:1)
  2 giant geckos
  14 orcs
  A ball python (D:1)
  4 giant cockroaches
  7 goblins
  8 hobgoblins
  15 jackals
  21 kobolds
  A quokka (D:4)
  14 bats
  5 giant newts
  A jackal skeleton (D:4)
  A jackal zombie (D:5)
  3 rats
160 creatures vanquished.

Vanquished Creatures (others)
  A hungry ghost (D:6)
  A giant frog (D:6)
2 creatures vanquished.

Grand Total: 162 creatures vanquished

Notes
Turn   | Place    | Note
--------------------------------------------------------------
     0 | D:1      | Neosonic97 the Draconian Transmuter began the quest for the Orb.
     0 | D:1      | Reached XP level 1. HP: 16/16 MP: 3/3
   356 | D:1      | Reached XP level 2. HP: 16/23 MP: 5/5
   777 | D:1      | Reached XP level 3. HP: 12/28 MP: 4/6
  1357 | D:2      | Noticed Ijyb
  1401 | D:2      | Killed Ijyb
  1734 | D:2      | Reached XP level 4. HP: 36/36 MP: 5/7
  2133 | D:2      | Reached skill level 2 in Fighting
  2872 | D:3      | Learned a level 3 spell: Spider Form
  3107 | D:2      | Gained mutation: You are agile. (Dex +2) [potion of beneficial mutation]
  3425 | D:3      | Reached skill level 3 in Fighting
  4091 | D:3      | Reached XP level 5. HP: 43/45 MP: 8/8
  4390 | D:4      | Noticed an ogre
  4403 | D:4      | Killed an ogre
  4403 | D:4      | Reached skill level 4 in Fighting
  4425 | D:4      | Reached XP level 6. HP: 10/53 MP: 4/9
  4816 | D:4      | Found a sparkling altar of Nemelex Xobeh.
  4816 | D:4      | Noticed Eustachio
  5206 | D:4      | Killed Eustachio
  5206 | D:4      | Reached skill level 5 in Fighting
  5206 | D:4      | Reached skill level 5 in Unarmed Combat
  5423 | D:4      | Noticed Edmund
  5441 | D:4      | Killed Edmund
  5441 | D:4      | Reached skill level 1 in Poison Magic
  5441 | D:4      | Your scales start taking on a weird mottled colour.
  5441 | D:4      | Reached XP level 7. HP: 21/62 MP: 0/10
  5445 | D:4      | Reached skill level 6 in Fighting
  6007 | D:4      | Noticed a steam dragon
  6017 | D:4      | Killed a steam dragon
  6378 | D:4      | Reached skill level 7 in Fighting
  6518 | D:5      | Entered Level 5 of the Dungeon
  6661 | D:4      | Learned a level 5 spell: Blade Hands
  6951 | D:5      | Reached XP level 8. HP: 73/73 MP: 3/11
  7400 | D:5      | Reached skill level 8 in Fighting
  8317 | D:6      | Found a shimmering altar of Xom.
  8317 | D:6      | Found a deep blue altar of Sif Muna.
  8457 | D:6      | Found Bajan's Book Boutique.
  8484 | D:6      | Found Kasetobb's Armour Shoppe.
  8626 | D:6      | Found a staircase to the Ecumenical Temple.
  8635 | Temple   | Entered the Ecumenical Temple
  8659 | Temple   | Became a worshipper of Cheibriados the Contemplative
  8961 | D:6      | Gained mutation: You are dopey. (Int -2) [mutagenic meat]
  9263 | D:7      | Reached skill level 9 in Fighting
  9273 | D:7      | Reached XP level 9. HP: 73/83 MP: 9/14
  9684 | D:7      | Noticed Prince Ribbit
  9691 | D:7      | Killed Prince Ribbit
  9907 | D:7      | Reached * piety under Cheibriados
  9912 | D:7      | Noticed Menkaure
  9929 | D:7      | Killed Menkaure
  9932 | D:7      | Lost mutation: You are agile. (Dex +2) [potion of cure mutation]
  9932 | D:7      | Lost mutation: You are dopey. (Int -2) [potion of cure mutation]
  9946 | D:7      | HP: 4/85 [poisoned by a kobold]
  9947 | D:7      | Slain by a kobold

Skill      XL: |  1  2  3  4  5  6  7  8  9 |
---------------+----------------------------+-----
Dodging        | 2 3 |  3.0
Fighting       | 3 4 5 7 9 |  9.7
Unarmed Combat | 4 5 6 7 |  7.5
Poison Magic   | 1 2 |  2.0
Spellcasting   | 3 |  3.6
Transmutations | 3 |  3.0
Stealth        | |  0.2

Action                   |  1- 3 |  4- 6 |  7- 9 || total
-------------------------+-------+-------+-------++-------
Melee: Unarmed           |   165 |   314 |   216 ||   695
       Kick              |    23 |    22 |       ||    45
       Tailslap          |    16 |    23 |     4 ||    43
       Headbutt          |     1 |     9 |       ||    10
       Punch             |     1 |     3 |       ||     4
 Cast: Beastly Appendage |    26 |    33 |       ||    59
       Spider Form       |       |    15 |    36 ||    51
 Abil: Breathe Sticky Fl |       |       |     3 ||     3
  Use: Potion            |     1 |     3 |     3 ||     7
       Scroll            |     1 |     6 |     1 ||     8
 Stab: Sleeping          |     1 |       |     2 ||     3
  Eat: Chunk             |     3 |    14 |     7 ||    24
       Beef jerky        |       |     1 |       ||     1
       Bread ration      |       |       |     2 ||     2
       Fruit             |       |       |     4 ||     4
       Pizza             |       |       |     1 ||     1
Armor: Skin              |    55 |   134 |    17 ||   206
Dodge: Dodged            |   130 |   388 |   208 ||   726
